 Dungeon Crawl Stone Soup version 0.21.1-1-g345015fe64 (webtiles) character file.

497 Norrik the Fighter (level 6, -1/63 HPs)
             Began as a Minotaur Gladiator on Mar 16, 2018.
             Killed by divine providence
             ... invoked by an orc priest
              (9 damage)
             ... on level 4 of the Dungeon on Mar 17, 2018.
             The game lasted 00:13:48 (3275 turns).

Norrik the Fighter (Minotaur Gladiator)             Turns: 3275, Time: 00:13:48

Health: -1/63      AC: 10    Str: 18    XL:     6   Next: 93%
Magic:  5/5        EV: 11    Int:  7    God:
Gold:   160        SH:  0    Dex: 12    Spells: 5/5 levels left

rFire    . . .     SeeInvis .   a - +0 trident
rCold    . . .     Gourm    .   (no shield)
rNeg     . . .     Faith    .   n - +0 scale mail
rPois    .         Spirit   .   c - +0 hat
rElec    .         Reflect  .   w - +0 cloak
rCorr    .         Harm     .   g - +2 pair of gloves
MR       .....                  (no boots)
Stlth    ..........             (no amulet)
HPRegen  0.20/turn              (no ring)
MPRegen  0.09/turn              (no ring)

@: no status effects
A: retaliatory headbutt, horns 2
a: no special abilities


You were on level 4 of the Dungeon.
You were hungry.

You visited 1 branch of the dungeon, and saw 4 of its levels.

You collected 160 gold pieces.

Inventory:

Hand Weapons
 a - a +0 trident (weapon)
Missiles
 d - 3 throwing nets
 e - 33 stones
 i - 8 tomahawks (quivered)
 v - 11 arrows
Armour
 b - a +0 leather armour
 c - a +0 hat (worn)
 g - a +2 pair of gloves (worn)
 n - a +0 scale mail (worn)
 w - a +0 cloak (worn)
Jewellery
 j - a +3 ring of evasion {unknown}
Wands
 k - a wand of random effects (15)
Scrolls
 h - a scroll of teleportation {unknown}
 l - 3 scrolls of amnesia {unknown}
 o - a scroll of blinking {unknown}
 q - a scroll of enchant armour {unknown}
 r - a scroll of noise {unknown}
 s - 2 scrolls of identify {unknown}
 t - 2 scrolls of remove curse {unknown}
 y - a scroll of immolation {unknown}
Potions
 m - a potion of degeneration {unknown}
 p - a potion of curing {unknown}
 u - 3 potions of flight {unknown}
 z - a potion of haste
Comestibles
 f - 8 rations
 x - 9 chunks of flesh


   Skills:
 + Level 9.1 Fighting
 - Level 3.6 Polearms
 - Level 2.0 Throwing
 - Level 3.2 Dodging


You had 5 spell levels left.
You didn't know any spells.

Dungeon Overview and Level Annotations

Branches:
Dungeon (4/15)
 Temple: D:4-7

Altars:
Cheibriados
Fedhas
Hepliaklqana
Wu Jian

Shops:
D:4 :


Innate Abilities, Weirdness & Mutations

You reflexively headbutt those who attack you in melee.
You have a pair of horns on your head.


Message History

You closely miss the orc wizard.
The orc wizard is heavily wounded.
The orc priest hits you but does no damage.
The orc wizard gestures wildly while chanting.
The orc wizard flickers and vanishes!
Deactivating autopickup; reactivate with Ctrl-A.
The orc priest hits you but does no damage.
You hear some strange, mumbled words.
A magic dart appears from out of thin air!
The magic dart hits you!
The orc priest miscasts a cantrip.
An orc priest comes into view. It is wielding a flail.
The orc priest shouts!
You hear some strange, mumbled words.
Something tries to affect you, but you resist.
As you open the door, it creaks loudly!
There is an open door here.
The orc priest calls down the wrath of Beogh upon you.
Beogh smites you!
You die...

#.......>......................
#...........######.............
#............... +.............
#.............####.............
#...............###+#..........
#............##.# ...#<.....##
#............##.# ###.#.####.#
#............##.#####...# #
#............'@..........
#............##...#######
#...........o.#...#
############..#{..#
#...o.†######+####
########+##o.............
#<.......................+
#......[....####.........##
#.........oo#............#.


You could see an orc priest and an orc wizard.

Vanquished Creatures
  Sigmund (D:2)
  A centaur (D:2)
  3 hounds (D:4)
  An orc priest (D:3)
  A worker ant (D:4)
  An adder (D:2)
  5 worms
  A dart slug (D:1)
  2 leopard geckos (D:2)
  11 orcs (D:3)
  2 ball pythons
  8 bats
  4 giant cockroaches
  7 goblins
  5 hobgoblins
  6 jackals
  12 kobolds
  A quokka (D:4)
  4 frilled lizards
  10 rats
86 creatures vanquished.

Notes
Turn   | Place    | Note
-------+----------+-------------------------------------------
     0 | D:1      | Norrik the Minotaur Gladiator began the quest for the Orb.
     0 | D:1      | Reached XP level 1. HP: 18/18 MP: 0/0
    93 | D:1      | Reached skill level 3 in Fighting
   119 | D:1      | Reached XP level 2. HP: 12/26 MP: 1/1
   403 | D:1      | Reached skill level 4 in Fighting
   745 | D:1      | Reached XP level 3. HP: 34/34 MP: 2/2
  1063 | D:2      | Noticed Sigmund
  1383 | D:2      | Noticed a centaur
  1386 | D:2      | Killed a centaur
  1386 | D:2      | Reached skill level 6 in Fighting
  1386 | D:2      | Reached XP level 4. HP: 44/44 MP: 3/3
  1422 | D:2      | Reached XP level 5. HP: 41/51 MP: 4/4
  1534 | D:2      | Found a hazy altar of Hepliaklqana.
  1546 | D:2      | Found an ornate altar of the Wu Jian Council.
  1549 | D:2      | Found a snail-covered altar of Cheibriados.
  1552 | D:2      | Found a blossoming altar of Fedhas.
  2060 | D:2      | Killed Sigmund
  2060 | D:2      | Reached skill level 7 in Fighting
  2060 | D:2      | Reached XP level 6. HP: 18/61 MP: 5/5
  2530 | D:3      | Reached skill level 8 in Fighting
  2997 | D:4      | Found Gab Itun's Book Shoppe.
  3198 | D:4      | Reached skill level 9 in Fighting
  3275 | D:4      | Killed from afar by an orc priest

Skill      XL: |  1  2  3  4  5  6 |
---------------+-------------------+-----
Fighting       | 3 4 6 7 9 |  9.1
Polearms       | |  3.6
Throwing       | |  2.0
Dodging        | |  3.2

Action                   |  1- 3 |  4- 6 || total
-------------------------+-------+-------++-------
Melee: Trident           |    93 |   115 ||   208
       Headbutt          |    10 |    24 ||    34
  Eat: Chunk             |     1 |     6 ||     7
Armor: Leather armour    |    47 |    10 ||    57
       Scale mail        |       |    52 ||    52
Dodge: Dodged            |    66 |    78 ||   144
